 Dungeon Crawl Stone Soup version 0.32-a0-312-g1d7162e751 (webtiles) character file.

Game seed: 11313292031525693525

10436 mrks the Basher (level 11, -5/89 (92) HPs)
             Began as a Mountain Dwarf Reaver on Feb 15, 2024.
             Was an Elder of Jiyva.
             Slain by a +4 halberd of chaos (9 damage)
             ... on level 1 of the Lair of Beasts.
             The game lasted 00:31:13 (10360 turns).

mrks the Basher (Mountain Dwarf Reaver)            Turns: 10360, Time: 00:31:13

HP:   -5/89 (92)    AC: 26    Str: 14    XL:     11   Next: 36%
MP:   22/27         EV:  7    Int: 19    God:    Jiyva [****..]
Gold: 418           SH:  0    Dex:  8    Spells: 9/20 levels left

rFire   . . .        j - +3 flail (holy)
rCold   . . .        (no shield)
rNeg    . . .        H - +18 Lear's hauberk
rPois   .            (helmet currently unavailable)
rElec   .            (no cloak)
rCorr   +            (gloves currently unavailable)
SInv    .            (boots currently unavailable)
Will    +....        (no amulet) Stlth
                     e - +4 ring of slaying
HPRegen 1.62/turn    D - ring of magical power
MPRegen 0.84/turn

%: no passive effects
@: lethally poisoned (-5 -> -6), slimy, marked, corroded, hasted, lightly
drained, very quick
A: runic magic, artefact enchanting, translucent skin 3, jelly sensing items
a: Renounce Religion, Oozemancy, Slimify


You were on level 1 of the Lair of Beasts.
You worshipped Jiyva.
Jiyva was greatly pleased with you.
You visited 3 branches of the dungeon, and saw 11 of its levels.
You also visited: Sewer and Bailey.

You collected 418 gold pieces.

Inventory:

Hand Weapons
 b - the +5 short sword of Pulaam {protect, rPois rF+ MP+9 Stlth+}
   (You found it on level 4 of the Dungeon)

   rF+:       It protects you from fire.
   rPois:     It protects you from poison MP+9: It affects your magic capacity
   (+9).
   Stlth+:    It makes you more stealthy.
 j - a +3 flail of holy wrath (weapon)
Armour
 o - a +1 leather armour of cold resistance
 F - a +2 pair of boots of stealth
 G - a +0 kite shield
 H - the +18 Lear's hauberk (worn)
   (You took it off a wight on level 8 of the Dungeon)
Jewellery
 e - a +4 ring of slaying (left hand)
 f - a ring of positive energy
 s - a ring of protection from fire
 D - a ring of magical power (right hand)
 K - a +4 ring of protection
Wands
 w - a wand of digging (10)
 E - a wand of polymorph (10)
Scrolls
 c - 2 scrolls of enchant armour {unknown}
 d - 3 scrolls of amnesia
 h - 3 scrolls of poison {unknown}
 i - 2 scrolls of blinking {unknown}
 k - 2 scrolls of enchant weapon {unknown}
 p - a scroll of fog {unknown}
 q - 2 scrolls of vulnerability {unknown}
 t - 2 scrolls of revelation {unknown}
 v - 4 scrolls of teleportation
 y - a scroll of butterflies {unknown}
 z - 4 scrolls of brand weapon
 A - a scroll of acquirement {unknown}
Potions
 a - a potion of invisibility
 g - 4 potions of brilliance
 l - 4 potions of might
 m - 2 potions of mutation
 n - 2 potions of enlightenment
 r - a potion of ambrosia
 u - a potion of curing
 x - 2 potions of haste
 B - a potion of experience {unknown}
 C - 2 potions of heal wounds
 I - a potion of attraction {unknown}
 J - a potion of magic {unknown}


   Skills:
 + Level 7.4 Fighting
 - Level 14.0 Maces & Flails
 * Level 7.5 Armour
 - Level 1.3 Dodging
 + Level 5.2 Spellcasting
 + Level 5.1 Conjurations
 * Level 7.4 Necromancy


You had 9 spell levels left.
You knew the following spells:

 Your Spells              Type           Power      Damage    Failure   Level
a - Kiss of Death         Conj/Necr      100%       2d13      1%          1
b - Momentum Strike       Conj/Tloc      28%        3d8       12%         2
c - Hailstorm             Conj/Ice       14%        3d6       24%         3
d - Vampiric Draining     Necr           33%        2d8       3%          3
e - Searing Ray           Conj           48%        2d6       4%          2

Your spell library contained the following spells:

 Spells                   Type           Power      Damage    Failure   Level
 Necrotise                Necr           100%       1d9       1%          1
 Magic Dart               Conj           96%        1d7       2%          1
 Apportation              Tloc           8%         N/A       22%         1
 Slow                     Hex            16%        N/A       22%         1
 Curse of Agony           Necr           33%        N/A       30%         5
 Mephitic Cloud           Conj/Alch/Air  11%        N/A       32%         3
 Jinxbite                 Hex            8%         N/A       34%         2
 Mercury Vapours          Alch/Air       8%         N/A       34%         2
 Martyr's Knell           Necr/Summ      19%        N/A       43%         4
 Confusing Touch          Hex            4%         N/A       56%         3
 Sigil of Binding         Hex            4%         N/A       56%         3
 Fulminant Prism          Conj/Alch      7%         3d6       61%         4
 Leda's Liquefaction      Alch/Erth      2%         N/A       92%         4
 Summon Blazeheart Golem  Fire/Summ      4%         N/A       92%         4
 Freezing Cloud           Conj/Ice/Air   5%         6-21      97%         5
 Alistair's Intoxication  Alch           2%         N/A       99%         5
 Lee's Rapid Deconstruct  Erth           2%         3d4*      99%         5
 Bombard                  Conj/Erth      7%         9d2       100%        6
 Orb of Destruction       Conj           12%        9d7       100%        7
 Spellforged Servitor     Conj/Summ      7%         N/A       100%        7


Dungeon Overview and Level Annotations

Branches:
Dungeon (9/15)             Temple (1/1) D:6            Lair (1/5) D:9
  Sewer (visited)          Bailey (visited)
    Orc: D:9-12

Altars:
Ashenzari
Cheibriados
Dithmenos
Elyvilon
Fedhas
Gozag
Hepliaklqana
Makhleb
Nemelex Xobeh
Okawaru
Qazlal
Ru
Sif Muna
Trog
Uskayaw
Vehumet
Wu Jian
Xom
Yredelemnul
Zin
The Shining One
Jiyva

Shops:
D:5 (

Annotations:
D:7 2 transporters
Lair:1 Pascal76's ghost, journeyman MiFi


Innate Abilities, Weirdness & Mutations

Your spellcasting is much less encumbered by armour.
You can use scrolls of enchantment on lesser artefacts.
Your transparent skin significantly reduces your foes' accuracy. (Stealth+)
You have a small jelly attached to you that senses nearby items.


Message History

The +4 halberd of chaos hits you but does no damage.
You are poisoned.
Casting: Searing Ray (safe; 4% risk of failure)
Confirm with . or Enter, or press ? or * to list all spells.
Okay, then.
A thick mucus forms on your +3 flail of holy wrath.
You will no longer expel jellies when injured.
You feel sick.
The +4 halberd of chaos completely misses you.
A thick mucus forms on your +3 flail of holy wrath.
You feel sick. The +4 halberd of chaos hits you!
* * * LOW HITPOINT WARNING * * *
You closely miss the +4 halberd of chaos.
You completely miss the +4 halberd of chaos.
You feel sick.
The +4 halberd of chaos hits you but does no damage.
You barely miss the +4 halberd of chaos.
The +4 halberd of chaos hits you but does no damage.
You barely miss the +4 halberd of chaos.
You barely miss the +4 halberd of chaos.
You feel sick.
The +4 halberd of chaos hits you but does no damage.
You hit the +4 halberd of chaos but do no damage.
The +4 halberd of chaos hits you but does no damage.
The acid corrodes you!
You barely miss the +4 halberd of chaos.
You feel sick. The +4 halberd of chaos hits you.
* * * LOW HITPOINT WARNING * * *
You feel drained.
* * * LOW HITPOINT WARNING * * *
You hit the +4 halberd of chaos but do no damage.
You hit the +4 halberd of chaos but do no damage.
You feel sick.
The +4 halberd of chaos hits you but does no damage.
Pascal76's ghost closely misses you.
You hit Pascal76's ghost.
Pascal76's ghost convulses.
Pascal76's ghost is lightly damaged.
The +4 halberd of chaos hits you!
You die...
Jiyva sends a jelly to digest your remains.

#~.....~...~.~..#####
...#.~~......~......#
...#.#...#........>.#
...#.#.#.#..........#
...#................##
...#.................#
.....#.#......##..#..#
...#.#........##.##.##
.#.#...#......##@##.#
.#.....#...##.##(W#.#
.#.........##.##.##.#
.#.#.......##....##.#
...#...W.#.##.##.##.##
...#...J.............#
.......#...##.##....##
...#.....#..#.##....#
.P.#...#.#....##....##


You could see a +4 halberd of chaos and Pascal76's ghost.

Vanquished Creatures
  2 two-headed ogres
  2 cane toads (Lair:1)
  A komodo dragon (Lair:1)
  Maggie (D:8)
  A troll (D:9)
  Prince Ribbit (D:8)
  2 wyverns (D:8)
  A wraith (D:9)
  A warg (D:9)
  15 yaks
  3 steam dragons
  Edmund (D:4)
  An acid dragon (D:9)
  4 water moccasins
  An ice beast (D:7)
  7 orc warriors
  3 sky beasts (D:9)
  3 black bears
  2 wolves (D:9)
  2 centaurs
  12 kobold brigands
  A weeping skull (D:8)
  4 bullfrogs
  A gnoll sergeant (D:8)
  3 scorpions
  7 wights (D:8)
  6 killer bees
  A howler monkey (D:5)
  2 bombardier beetles
  A jelly (D:6)
  5 orc priests (D:9)
  A hound (D:6)
  2 iguanas
  6 orc wizards
  13 adders
  A river rat (Sewer)
  A shadow imp (D:6)
  3 dart slugs
  7 ribbon worms
  27 orcs
  6 ball pythons
  10 endoplasms
  5 giant cockroaches
  9 goblins
  6 hobgoblins
  3 jackals (D:4)
  18 kobolds
  A quokka (D:4)
  7 bats
  2 frilled lizards (D:3)
  10 rats
  A spectral orc (D:8)
236 creatures vanquished.

Vanquished Creatures (others)
  A water moccasin (Lair:1)
  2 centaurs
  2 kobold brigands
  3 bullfrogs
  2 wights (D:8)
  6 killer bees
  33 jellies
  A hound (D:6)
  An orc wizard (D:8)
  A quokka (D:8)
52 creatures vanquished.

Grand Total: 288 creatures vanquished

Notes
Turn   | Place    | Note
-------+----------+-------------------------------------------
     0 | D:1      | mrks the Mountain Dwarf Reaver began the quest for the Orb.
     0 | D:1      | Reached XP level 1. HP: 17/17 MP: 3/3
    51 | D:1      | Reached skill level 4 in Maces & Flails
    66 | D:1      | Reached XP level 2. HP: 21/24 MP: 4/4
   386 | D:1      | Reached skill level 5 in Maces & Flails
   405 | D:1      | Reached XP level 3. HP: 28/29 MP: 5/5
   408 | D:1      | Learned a level 2 spell: Momentum Strike
   409 | D:1      | Found a faded altar of an unknown god.
   452 | D:1      | You fall into a shaft and drop 1 floor!
  1011 | D:2      | Reached skill level 6 in Maces & Flails
  1011 | D:2      | Reached XP level 4. HP: 33/36 MP: 6/6
  1653 | D:3      | Learned a level 3 spell: Hailstorm
  1674 | D:3      | Reached skill level 7 in Maces & Flails
  1674 | D:3      | Reached XP level 5. HP: 32/41 MP: 7/7
  1755 | D:3      | Found a glowing silver altar of Zin.
  2183 | D:3      | Found an opulent altar of Gozag.
  2443 | D:4      | Reached XP level 6. HP: 17/48 MP: 8/8
  2495 | D:4      | Found a glowing drain.
  2569 | D:4      | Reached skill level 8 in Maces & Flails
  2665 | Sewer    | Entered a sewer
  3378 | Sewer    | Reached skill level 9 in Maces & Flails
  3378 | Sewer    | Reached XP level 7. HP: 24/45 MP: 4/10
  3719 | D:4      | Noticed Edmund
  3720 | D:4      | Found a snail-covered altar of Cheibriados.
  3731 | D:4      | Killed Edmund
  4389 | D:4      | Reached skill level 10 in Maces & Flails
  4487 | D:4      | Identified the +5 short sword of Pulaam {protect, rPois rF+
                  | MP+9 Stlth+}
  4696 | D:4      | Found a glowing golden altar of the Shining One.
  4707 | D:4      | Learned a level 3 spell: Vampiric Draining
  4707 | D:4      | Found a sparkling altar of Nemelex Xobeh.
  4711 | D:4      | Found a radiant altar of Vehumet.
  4711 | D:4      | Found a shimmering blue altar of Sif Muna.
  4718 | D:4      | Found a bloodstained altar of Trog.
  5002 | D:5      | Entered Level 5 of the Dungeon
  5197 | D:5      | Found a shadowy altar of Dithmenos.
  5250 | D:5      | Reached XP level 8. HP: 48/54 MP: 11/11
  5336 | D:5      | Reached skill level 1 in Necromancy
  5426 | D:5      | Found Yduajehe's Weapon Emporium.
  5439 | D:5      | Identified the +11 dagger of the Shrike {flame, Will+ Int+3
                  | Stlth+}
  5716 | D:6      | Found a staircase to the Ecumenical Temple.
  5763 | Temple   | Entered the Ecumenical Temple
  5778 | Temple   | Became a worshipper of Jiyva Judghosy the Shapeless
  6091 | D:6      | Reached * piety under Jiyva
  6118 | D:6      | Reached skill level 11 in Maces & Flails
  6414 | D:6      | Found an ornate altar of the Wu Jian Council.
  6731 | D:7      | Reached skill level 12 in Maces & Flails
  6731 | D:7      | Reached skill level 5 in Conjurations
  6799 | D:7      | Reached XP level 9. HP: 70/70 MP: 13/13
  6799 | D:7      | Found a transporter.
  6813 | D:7      | Reached ** piety under Jiyva
  7130 | D:7      | Found a transporter.
  7543 | D:8      | Reached *** piety under Jiyva
  7596 | D:8      | Found a basalt altar of Yredelemnul.
  7880 | D:8      | Reached skill level 13 in Maces & Flails
  7884 | D:8      | Found a white marble altar of Elyvilon.
  7894 | D:8      | Reached skill level 1 in Armour
  7938 | D:8      | Noticed Prince Ribbit
  7951 | D:8      | Killed Prince Ribbit
  7956 | D:8      | Learned a level 2 spell: Searing Ray
  8066 | D:8      | Noticed Maggie
  8079 | D:8      | Killed Maggie
  8126 | D:8      | Noticed a two-headed ogre
  8129 | D:8      | Reached skill level 5 in Fighting
  8140 | D:8      | Killed a two-headed ogre
  8141 | D:8      | Reached skill level 5 in Necromancy
  8141 | D:8      | Reached XP level 10. HP: 32/81 MP: 15/15
  8346 | D:9      | Noticed a two-headed ogre
  8359 | D:9      | Killed a two-headed ogre
  8425 | D:9      | Reached skill level 14 in Maces & Flails
  8425 | D:9      | Reached **** piety under Jiyva
  8433 | D:9      | Gained mutation: You have a small jelly attached to you
                  | that senses nearby items. [Jiyva's grace]
  8433 | D:9      | Gained mutation: Your translucent skin slightly reduces
                  | your foes' accuracy. (Stealth+) [Jiyva's grace]
  8433 | D:9      | Gained mutation: Your translucent skin reduces your foes'
                  | accuracy. (Stealth+) [Jiyva's grace]
  8433 | D:9      | Gained mutation: Your transparent skin significantly
                  | reduces your foes' accuracy. (Stealth+) [Jiyva's grace]
  8496 | D:9      | Found a staircase to the Lair.
  8614 | D:9      | Reached skill level 5 in Armour
  8706 | D:9      | Found a flagged portal.
  8715 | Bailey   | Entered a bailey
  8904 | Bailey   | Found a burning altar of Makhleb.
  9454 | Lair:1   | Entered Level 1 of the Lair of Beasts
  9458 | Lair:1   | Reached XP level 11. HP: 91/91 MP: 18/18
  9630 | Lair:1   | Reached ***** piety under Jiyva
  9709 | Lair:1   | Found a runed translucent door.
  9709 | Lair:1   | Found a shimmering altar of Xom.
  9709 | Lair:1   | Noticed Pascal76's ghost (journeyman MiFi)
  9709 | Lair:1   | Noticed a +4 halberd of chaos
  9757 | Lair:1   | Reached skill level 5 in Spellcasting
 10357 | Lair:1   | HP: 3/90 [+4 halberd of chaos (4)]
 10360 | Lair:1   | Slain by a +4 halberd of chaos

Illustrated notes

Levels and vault maps discovered:
D:1:      dpeg_arrival_short_road, layout_basic,
          shapermc_ecumenical_altar_mp_highgroup, minmay_distorted
D:2:      layout_rooms, st_stairs_2
D:3:      layout_basic, pdpol_temple_overflow_zin_treasury_gozag_greed
D:4:      layout_layer_cave, nicolae_overflow_hallway_of_the_gods, slow_altar_1,
          gup_sewer_entry_glass, uniq_edmund
D:5:      layout_basic, mainiacjoe_overflow_tiny_flanked, serial_shops, shop,
          kennysheep_small_circle
D:6:      layout_gridville, mainiacjoe_overflow_six_doors_small,
          minmay_temple_entry_waves
D:7:      layout_basic, gammafunk_ghost_abyssal_escape
D:8:      cheibrodos_barr_body, layout_basic, elyvilon_altar_4,
          yredelemnul_forgotten_temple_becter, uniq_maggie, uniq_prince_ribbit1
D:9:      layout_grid_maze, erik_lair_orcish_takeover, enter_bailey_2,
          hangedman_misty_isle
Temple:   pf_slimified_temple
Lair:1:   layout_long_grid, ebering_ghost_xom, chequers_serial_rivers_small_3,
          grunt_megastairs_5

Skill      XL: |  1  2  3  4  5  6  7  8  9 10 11 |
---------------+----------------------------------+-----
Maces & Flails | 4 5 6 7 9 10 12 13 14 | 14.0
Conjurations   | 3 4 5 |  5.1
Spellcasting   | 2 3 4 5 |  5.2
Necromancy     | 3 5 6 7 |  7.4
Fighting       | 3 5 6 7 |  7.4
Armour         | 3 6 7 |  7.5
Dodging        | |  1.3

Action                     |  1- 3 |  4- 6 |  7- 9 | 10-12 || total
---------------------------+-------+-------+-------+-------++-------
  Melee: Mace              |    55 |   232 |    47 |       ||   334
         Flail             |       |       |   222 |   273 ||   495
   Cast: Momentum Strike   |       |     6 |    14 |     6 ||    26
         Kiss of Death     |       |     2 |     6 |       ||     8
         Hailstorm         |       |     1 |     4 |    10 ||    15
         Vampiric Draining |       |       |     2 |    11 ||    13
         Searing Ray       |       |       |       |     8 ||     8
 Invoke: Slimify           |       |       |       |     2 ||     2
    Use: Scroll            |       |       |    13 |       ||    13
 Armour: Leather armour    |    35 |   140 |   133 |       ||   308
         Chain mail        |       |       |    33 |   283 ||   316
         Plate armour      |       |       |    21 |       ||    21
  Dodge: Dodged            |    20 |   133 |   119 |   156 ||   428

Table legend: (Time is in decaauts)
 A = Elapsed time spent in this place.
 B = Non-inter-level travel time spent in this place.
 C = Inter-level travel time spent in this place.
 D = Time resting spent in this place.
 E = Time spent auto-exploring this place.
 F = Levels seen in this place.
 G = Mean time per level.
                   A        B        C        D        E       F      G
               +--------+--------+--------+--------+--------+-----+--------+
         Total |  10412 |  10113 |    299 |    183 |   7409 |  13 |  800.9 |
       Dungeon |   8125 |   7838 |    287 |    170 |   5846 |   9 |  902.8 |
        Temple |     28 |     16 |     12 |      0 |      0 |   1 |   28.0 |
          Lair |    867 |    867 |      0 |      0 |    691 |   1 |  867.0 |
         Sewer |   1175 |   1175 |      0 |      0 |    868 |   1 | 1175.0 |
        Bailey |    216 |    216 |      0 |     13 |      4 |   1 |  216.0 |
               +--------+--------+--------+--------+--------+-----+--------+

Top non-repeatable levels by time:
     D:4: 1635 daAuts
     D:3: 1244 daAuts
   Sewer: 1175 daAuts
     D:6: 1012 daAuts
  Lair:1: 867 daAuts
     D:9: 865 daAuts
     D:7: 835 daAuts
     D:8: 824 daAuts
     D:1: 743 daAuts
     D:5: 599 daAuts
     D:2: 365 daAuts
  Bailey: 216 daAuts
  Temple: 28 daAuts
